 Dungeon Crawl Stone Soup version 0.31.0-32-g396128a36d (webtiles) character file.

Game seed: 3373758918246843567

30 FallenXxXSky the Ducker (level 3, -2/27 HPs)
             Began as a Human Wanderer on Mar 29, 2024.
             Succumbed to a scorpion's poison
             ... on level 2 of the Dungeon.
             The game lasted 00:02:23 (788 turns).

FallenXxXSky the Ducker (Human Wanderer)             Turns: 788, Time: 00:02:24

Health: -2/27      AC:  4    Str: 13 (14) XL:     3   Next: 18%
Magic:  3/3        EV: 13    Int:  6 (9)  God:
Gold:   94         SH:  0    Dex: 14 (15) Spells: 2/2 levels left

rFire   . . .        a - +0 sling
rCold   . . .        (no shield)
rNeg    . . .        c - +0 leather armour
rPois   .            (no helmet)
rElec   .            i - +0 cloak {rCorr}
rCorr   +            (no gloves)
SInv    .            (no boots)
Will    .....        (no amulet)
Stlth   +            (no ring)
HPRegen 0.24/turn    (no ring)
MPRegen 0.08/turn

%: no passive effects
@: lethally poisoned (-2 -> -16), invisible
A: explore regen
a: no special abilities


You were on level 2 of the Dungeon.
You visited 1 branch of the dungeon, and saw 2 of its levels.

You collected 94 gold pieces.

Inventory:

Hand Weapons
 a - a +0 sling (weapon)
 b - a +0 hand axe
 k - a +0 dagger
Missiles
 f - 3 throwing nets
Armour
 c - a +0 leather armour (worn)
 i - a +0 cloak of preservation (worn)
Potions
 d - a potion of attraction
 e - a potion of brilliance


   Skills:
 - Level 1.8 Fighting
 + Level 0.0 Axes
 - Level 1.0 Ranged Weapons
 - Level 1.0 Throwing
 - Level 2.2 Armour
 - Level 4.0 Dodging
 - Level 1.0 Stealth
 - Level 2.0 Evocations


You had 2 spell levels left.
You didn't know any spells.
Your spell library contained the following spells:

 Spells                   Type           Power      Damage    Failure   Level
 Mercury Vapours          Alch/Air       0%         N/A       67%         2
 Mephitic Cloud           Conj/Alch/Air  0%         N/A       88%         3
 Freezing Cloud           Conj/Ice/Air   0%         6-21      100%        5
 Haunt                    Necr/Summ      0%         N/A       100%        7
 Borgnjor's Revivificati  Necr           0%         N/A       100%        8
 Death's Door             Necr           0%         N/A       100%        9


Dungeon Overview and Level Annotations

Branches:
Dungeon (2/15)

Altars:


Innate Abilities, Weirdness & Mutations

You regain HP and MP as you explore.


Message History

You shoot a sling bullet.
The sling bullet hits the frilled lizard.
You kill the frilled lizard!
No target in view!
A scorpion comes into view.
You see here a +0 leather armour.
You shoot a sling bullet.
The sling bullet closely misses the scorpion.
You shoot a sling bullet.
The sling bullet barely misses the scorpion.
The scorpion barely misses you.
The scorpion stings you but does no damage.
You aren't carrying any items that you can evoke.
You shoot a sling bullet.
The sling bullet closely misses the scorpion.
The scorpion closely misses you.
You shoot a sling bullet. The sling bullet hits the scorpion.
The scorpion is lightly wounded.
The scorpion stings you. The scorpion misses you.
You shoot a sling bullet.
The sling bullet closely misses the scorpion.
The scorpion stings you.
You are poisoned.
The scorpion poisons you! The scorpion stings you.
It was a potion of degeneration.
There was something very wrong with that liquid.
You feel weakened.
You feel dopey.
You feel clumsy.
You feel very sick. The scorpion stings you.
You are lethally poisoned!
The scorpion poisons you!
It was a potion of invisibility.
You fade into invisibility!
* * * LOW HITPOINT WARNING * * *
You feel very sick. The scorpion misses you.
It was a potion of magic.
Magic courses through your body.
* * * LOW HITPOINT WARNING * * *
You feel very sick. The scorpion closely misses you.
You die...

########### #.........#
#.........# ####
#.........# #..
#.........# #.#### .#
#....s.@..#####.#..##.#
+.....[............>..##
#...........##.........#
##########'###...<.....#
....##.........#
#.....##......<..#
#.....##.........#
#.....##.........#
#...$.############


You could see a scorpion (unable to see you).

Vanquished Creatures
  2 dart slugs
  6 bats (D:1)
  2 endoplasms (D:1)
  A giant cockroach (D:1)
  A goblin (D:1)
  2 hobgoblins (D:1)
  3 quokkas (D:1)
  3 ball pythons (D:1)
  A frilled lizard (D:2)
  3 kobolds (D:1)
  A rat (D:1)
25 creatures vanquished.

Notes
Turn   | Place    | Note
-------+----------+-------------------------------------------
     0 | D:1      | FallenXxXSky the Human Wanderer began the quest for the
                  | Orb.
     0 | D:1      | FallenXxXSky set off with the following items: a +0 sling,
                  | 3 throwing nets, a +0 leather armour, a potion of
                  | attraction, a potion of brilliance.
     0 | D:1      | Reached XP level 1. HP: 13/13 MP: 1/1
    82 | D:1      | Reached skill level 1 in Fighting
    82 | D:1      | Reached XP level 2. HP: 19/21 MP: 2/2
   547 | D:1      | Reached XP level 3. HP: 26/26 MP: 3/3
   777 | D:2      | Noticed a scorpion
   787 | D:2      | HP: 1/27 [poisoned by a scorpion]
   788 | D:2      | Succumbed to a scorpion's poison

Illustrated notes

Levels and vault maps discovered:
D:1:      wander_arrival_chamber, layout_loops_ring
D:2:      layout_basic, basic_altar

Skill      XL: |  1  2 |
---------------+-------+-----
Fighting       | 1 |  1.8
Armour         | 2 |  2.2
Ranged Weapons | |  1.0
Throwing       | |  1.0
Dodging        | |  4.0
Stealth        | |  1.0
Evocations     | |  2.0

Action                     || total
---------------------------++-------
   Fire: Sling             ||    94
    Use: Scroll            ||     1
         Potion            ||     3
 Armour: Leather armour    ||    16
  Dodge: Dodged            ||    42
